 Dungeon Crawl Stone Soup version 0.30-a0-782-ge64f9170bb (webtiles) character file.

Game seed: 15153862969728486048

27 2tousent the Shooter (level 3, 0/20 HPs)
             Began as a Kobold Hexslinger on Feb 18, 2023.
             Slain by a jackal (1 damage)
             ... on level 2 of the Dungeon.
             The game lasted 00:01:22 (702 turns).

2tousent the Shooter (Kobold Hexslinger)             Turns: 702, Time: 00:01:22

Health: 0/20       AC:  2    Str:  7    XL:     3   Next: 25%
Magic:  2/4        EV: 15    Int: 16    God:
Gold:   39         SH:  0    Dex: 15    Spells: 3/4 levels left

rFire   . . .      SeeInvis .    a - +1 sling
rCold   . . .      Faith    .    (no shield)
rNeg    . . .      Spirit   .    c - +0 robe
rPois   .          Reflect  .    (no helmet)
rElec   .          Harm     .    (no cloak)
rCorr   .          Rampage  .    (no gloves)
Will    .....                    (no boots)
Stlth   ++                       (no amulet)
HPRegen 0.23/turn                (no ring)
MPRegen 0.09/turn                (no ring)

@: no status effects
A: small, no large weapons, nightstalker 3
a: no special abilities


You were on level 2 of the Dungeon.
You visited 1 branch of the dungeon, and saw 2 of its levels.

You collected 39 gold pieces.

Inventory:

Hand Weapons
 a - a +1 sling (weapon)
Armour
 c - a +0 robe (worn)
Jewellery
 d - an amulet of faith
Scrolls
 b - a scroll of poison
 e - a scroll of summoning {unknown}
 f - a scroll of magic mapping {unknown}
Potions
 g - a potion of might {unknown}


   Skills:
 - Level 1.1 Fighting
 + Level 3.8 Ranged Weapons
 - Level 2.4 Dodging
 - Level 1.1 Spellcasting
 + Level 3.6 Hexes


You had 3 spell levels left.
You knew the following spells:

 Your Spells              Type           Power      Damage    Failure   Level
a - Slow                  Hex            48%        N/A       5%          1

Your spell library contained the following spells:

 Spells                   Type           Power      Damage    Failure   Level
 Inner Flame              Hex/Fire       6%         N/A       32%         3
 Portal Projectile        Hex/Tloc       12%        N/A       32%         3
 Cause Fear               Hex            6%         N/A       45%         4


Dungeon Overview and Level Annotations

Branches:
Dungeon (2/15)

Altars:


Innate Abilities, Weirdness & Mutations

You are small and have problems with some larger weapons.
You are completely attuned to the shadows.


Message History

You are frozen.
You shoot a sling bullet. The sling bullet hits the jackal.
You kill the jackal!
The jackal bites you but does no damage.
The endoplasm hits you. The jackal misses you.
You shoot a sling bullet. The sling bullet hits the endoplasm.
You kill the endoplasm!
The jackal completely misses you. The endoplasm freezes you.
You are frozen.
The jackal closely misses you.
You are too injured to fight recklessly!
You are too injured to fight recklessly!
You are too injured to fight recklessly!
Aiming: Slow (safe; 5% risk of failure)
Press: ? - help, Q - select action, (/) - cycle Shift-Dir - straight line, f - jackal
Aim: a jackal (chance to affect: 63%)
The jackal resists with significant effort.
The endoplasm barely misses you. The jackal barely misses you.
Aiming: Slow (safe; 5% risk of failure)
Press: ? - help, Q - select action, (/) - cycle Shift-Dir - straight line, f/p - jackal
Aim: a jackal (chance to affect: 63%)
The jackal resists with significant effort.
The jackal closely misses you. The endoplasm misses you.
What are your orders? t - Shout!
Orders for allies: a - Attack new target. p - Attack previous target. r - Retreat! s - Stop attacking. g - Guard the area. f - Follow me.
Anything else - Cancel.
Okay, then.
You shoot a sling bullet.
The sling bullet hits the jackal but does no damage.
The jackal bites you.
* * * LOW HITPOINT WARNING * * *
The endoplasm freezes you.
You are frozen.
* * * LOW HITPOINT WARNING * * *
The jackal bites you but does no damage.
Found 12 gold pieces.
The jackal bites you.
You die...

#........
........#
##........
.....†...
.##.h<....
....@J....
.##....#.#
#....# #
#....#
...$..


You could see an endoplasm and a jackal.

Vanquished Creatures
  2 dart slugs
  8 endoplasms
  2 goblins (D:1)
  2 hobgoblins (D:1)
  A jackal (D:2)
  A quokka (D:1)
  2 ball pythons (D:1)
  A bat (D:1)
19 creatures vanquished.

Notes
Turn   | Place    | Note
-------+----------+-------------------------------------------
     0 | D:1      | 2tousent the Kobold Hexslinger began the quest for the Orb.
     0 | D:1      | Reached XP level 1. HP: 12/12 MP: 2/2
   100 | D:1      | Reached XP level 2. HP: 16/16 MP: 3/3
   391 | D:1      | Reached XP level 3. HP: 20/20 MP: 4/4
   701 | D:2      | HP: 1/20 [frozen (4)]
   702 | D:2      | Slain by a jackal

Illustrated notes

Levels and vault maps discovered:
D:1:      sevenhm_arrival_forest_fort_small_4, layout_basic
D:2:      minmay_roachtagon, layout_basic,
          shapermc_ecumenical_altar_mp_urbaneastern, serial_bayou_pond_c

Skill      XL: |  1 |
---------------+----+-----
Ranged Weapons | 3 |  3.8
Fighting       | |  1.1
Dodging        | |  2.4
Spellcasting   | |  1.1
Hexes          | |  3.6

Action                     || total
---------------------------++-------
   Fire: Sling             ||    59
   Cast: Slow              ||     2
 Armour: Robe              ||     3
  Dodge: Dodged            ||    29

Table legend: (Time is in decaauts)
 A = Elapsed time spent in this place.
 B = Non-inter-level travel time spent in this place.
 C = Inter-level travel time spent in this place.
 D = Time resting spent in this place.
 E = Time spent auto-exploring this place.
 F = Levels seen in this place.
 G = Mean time per level.
                   A        B        C        D        E       F      G
               +--------+--------+--------+--------+--------+-----+--------+
         Total |    719 |    669 |     50 |      0 |    554 |   2 |  359.5 |
       Dungeon |    719 |    669 |     50 |      0 |    554 |   2 |  359.5 |
               +--------+--------+--------+--------+--------+-----+--------+

Top non-repeatable levels by time:
     D:1: 679 daAuts
     D:2: 39 daAuts
